 Dungeon Crawl Stone Soup version 0.29.0-4-gdea44cf6ec (webtiles) character file.

Game seed: 12465689738495576200

174 gelatine the Shooter (level 5, -3/40 HPs)
             Began as a Demonspawn Hunter on Aug 27, 2022.
             Slain by Natasha (9 damage)
             ... on level 2 of the Dungeon.
             The game lasted 00:06:32 (1747 turns).

gelatine the Shooter (Demonspawn Hunter)            Turns: 1747, Time: 00:06:33

Health: -3/40      AC:  3    Str:  9 (11) XL:     5   Next: 28%
Magic:  5/5        EV: 12    Int:  9 (11) God:
Gold:   76         SH:  0    Dex: 16 (18) Spells: 4/4 levels left

rFire   . . .      SeeInvis +   a - +0 shortbow
rCold   . . .      Faith    .   (shield currently unavailable)
rNeg    . . .      Spirit   .   c - +0 leather armour
rPois   .          Reflect  .   (helmet restricted)
rElec   .          Harm     .   (no cloak)
rCorr   .          Rampage  .   (no gloves)
Will    .....                   (no boots)
Stlth   +.........              (no amulet)
HPRegen 0.13/turn               i - ring of see invisible
MPRegen 0.09/turn               (no ring)

@: brilliant, attractive
A: antennae 2, ignite blood 1
a: no special abilities


You were on level 2 of the Dungeon.
You visited 1 branch of the dungeon, and saw 2 of its levels.

You collected 76 gold pieces.

Inventory:

Hand Weapons
 a - a +0 shortbow (weapon)
Missiles
 j - 6 boomerangs
Armour
 c - a +0 leather armour (worn)
 h - an orb of energy
Jewellery
 i - a ring of see invisible (left hand)
Scrolls
 b - a scroll of immolation
 m - a scroll of amnesia {unknown}
 n - a scroll of torment {unknown}
 o - a scroll of identify {unknown}
Potions
 e - a potion of resistance
 l - a potion of curing


   Skills:
 * Level 2.9 Fighting
 + Level 5.3 Ranged Weapons
 + Level 1.2 Armour
 + Level 2.1 Dodging
 + Level 0.8 Stealth


You had 4 spell levels left.
You didn't know any spells.
Your spell library was empty.

Dungeon Overview and Level Annotations

Branches:
Dungeon (2/15)

Altars:

Annotations:
D:2 Natasha


Innate Abilities, Weirdness & Mutations

You have a pair of antennae on your head.
Your demonic aura sometimes causes spilled blood to erupt in flames.


Message History

Your ball python closely misses Robin.
Robin hits you with a +0 spear.
The frilled lizard bites your ball python.
Fire: a) +0 shortbow
Press: ? - help, Q - select action, (/) - cycle Shift-Dir - straight line, f/p - Robin
Aim: Robin, wielding a +0 spear, wearing a +1 animal skin and wearing a +0 helmet (severely wounded, ally target, 70% to hit)
You shoot an arrow. The arrow closely misses Robin.
Your ball python bites Robin.
Your ball python grabs Robin.
Your ball python constricts Robin.
Robin hits you with a +0 spear.
The frilled lizard bites your ball python.
Your ball python bites the frilled lizard.
The frilled lizard dies!
Your ball python constricts Robin.
Natasha howls an incantation.
Natasha glows brightly for a moment.
Fire: a) +0 shortbow
Press: ? - help, Q - select action, (/) - cycle Shift-Dir - straight line, f/p - Robin
Aim: Robin, wielding a +0 spear, wearing a +1 animal skin and wearing a +0 helmet (almost dead, constricted by your ball python, ally target, 94% to hit)
You shoot an arrow. The arrow hits Robin!
You kill Robin!
Your ball python misses Natasha.
Your ball python grabs Natasha.
Your ball python constricts Natasha.
Natasha closely misses your ball python.
Natasha is attracted toward you.
Fire: a) +0 shortbow
Press: ? - help, Q - select action, (/) - cycle Shift-Dir - straight line, f - Natasha
Aim: Natasha (constricted by your ball python, ally target, 83% to hit)
You shoot an arrow. The arrow hits Natasha.
Natasha is moderately wounded.
Your ball python bites Natasha.
Your ball python constricts Natasha.
Natasha stares at you and mumbles some strange words.
The magic dart hits you!
* * * LOW HITPOINT WARNING * * *
Your ball python bites Natasha but does no damage.
Your ball python constricts Natasha.
Fire: a) +0 shortbow
Press: ? - help, Q - select action, (/) - cycle Shift-Dir - straight line, f/p - Natasha
Aim: Natasha (heavily wounded, constricted by your ball python, ally target, 83% to hit)
You shoot an arrow. The arrow barely misses Natasha.
Natasha claws you!
You die...

### #####################..
###########.)†Sh@............)..#
............##################...
..........### ##.# ..))...§###
♣♣♣♣♣♣ #.# .))...#.# ♣.♣..♣♣ ♣♣♣
#.# ........# ♣♣....♣ ♣♣>♣ #.#
######### ♣.....♣ ♣..♣ #.#
♣♣...)♣ ♣♣.♣♣ #.# ♣♣♣...♣♣ ♣.♣♣
#.#


You could see Natasha (ally target) and a friendly ball python (summoned).

Vanquished Creatures
  Terence (D:2)
  Natasha (twice) (D:2)
  Robin (D:2)
  3 gnolls (D:2)
  3 bats
  3 endoplasms
  20 goblins
  4 hobgoblins
  4 jackals
  5 kobolds
  A quokka (D:2)
  3 ball pythons
  6 rats
56 creatures vanquished.

Vanquished Creatures (collateral kills)
  A frilled lizard (D:2)
1 creature vanquished.

Grand Total: 57 creatures vanquished

Notes
Turn   | Place    | Note
-------+----------+-------------------------------------------
     0 | D:1      | gelatine the Demonspawn Hunter began the quest for the Orb.
     0 | D:1      | Reached XP level 1. HP: 16/16 MP: 1/1
    90 | D:1      | Reached skill level 4 in Ranged Weapons
    90 | D:1      | Discovered your monstrous ancestry.
    90 | D:1      | Gained mutation: You have a pair of small antennae on your
                  | head. [demonic ancestry]
    90 | D:1      | Reached XP level 2. HP: 22/22 MP: 2/2
   739 | D:2      | Gained mutation: Your demonic aura sometimes causes spilled
                  | blood to erupt in flames. [demonic ancestry]
   739 | D:2      | Reached XP level 3. HP: 27/27 MP: 3/3
   873 | D:2      | Noticed Natasha
   876 | D:2      | Killed Natasha
  1086 | D:2      | Noticed Natasha
  1109 | D:2      | Killed Natasha
  1110 | D:2      | Reached XP level 4. HP: 12/34 MP: 4/4
  1421 | D:2      | Noticed Terence
  1431 | D:2      | Killed Terence
  1432 | D:2      | Reached skill level 5 in Ranged Weapons
  1432 | D:2      | Reached skill level 1 in Armour
  1545 | D:2      | Gained mutation: You have a pair of antennae on your head.
                  | [demonic ancestry]
  1545 | D:2      | Reached XP level 5. HP: 27/40 MP: 5/5
  1703 | D:2      | Noticed Robin
  1739 | D:2      | Noticed Natasha
  1745 | D:2      | Killed Robin
  1747 | D:2      | Slain by Natasha

Illustrated notes

Levels and vault maps discovered:
D:1:      wander_arrival_chamber, layout_loops_cross
D:2:      kb_forest_paths, layout_basic, dilly_ecumenical_altar_fadedgnrine,
          amcnicky_mini_rare_corridor_liquid, uniq_natasha, uniq_terence,
          uniq_robin

Skill      XL: |  1  2  3  4 |
---------------+-------------+-----
Ranged Weapons | 4 5 |  5.3
Dodging        | 2 |  2.1
Armour         | 1 |  1.2
Fighting       | |  2.9
Stealth        | |  0.8

Action                   |  1- 3 |  4- 6 || total
-------------------------+-------+-------++-------
 Fire: Shortbow          |    93 |    63 ||   156
  Use: Potion            |     1 |     8 ||     9
       Scroll            |       |     1 ||     1
Armor: Leather armour    |     5 |     8 ||    13
Dodge: Dodged            |    31 |    38 ||    69
